 Dungeon Crawl Stone Soup version 0.26-a0-1060-g086102a3f0 (webtiles) character file.

Game seed: 12380607901629548569

404666 tsouns the Sorcerer (level 22, -3/121 HPs)
             Began as a Spriggan Earth Elementalist on Dec 9, 2020.
             Was the Champion of Vehumet.
             Slain by a juggernaut (18 damage)
             ... on level 4 of the Depths on Dec 14, 2020.
             The game lasted 04:48:20 (83347 turns).

tsouns the Sorcerer (Spriggan Earth Elementalist)  Turns: 83347, Time: 04:48:20

Health: -3/121     AC: 16    Str: 10    XL:     22   Next: 35%
Magic:  16/64      EV: 28    Int: 50    God:    Vehumet [******]
Gold:   4484       SH:  0    Dex: 12    Spells: 3/64 levels left

rFire    + + +     SeeInvis +   V - +6 Majin-Bo {vamp, MP+6 Int+6}
rCold    . . .     Faith    .   (shield currently unavailable)
rNeg     + . .     Spirit   .   G - +5 steam dragon scales
rPois    .         Reflect  .   q - +3 hat of Pondering {ponderous, Will+ MP+10 Int+5}
rElec    .         Harm     .   Z - +2 cloak {rCorr}
rCorr    +         Rampage  .   (gloves unavailable)
Will     ++++.                  (boots unavailable)
Stlth    ++++++....             P - amulet "Aqes Ano" {Acrobat rF+++ Str+6 Dex-5 Slay+5}
HPRegen  0.30/turn              O - +6 ring of intelligence
MPRegen  0.39/turn              T - ring "Ismi" {+Inv rN+ Int+9 Dex-2 Stlth-}

@: about to teleport, very quick
A: very small, unfitting armour, see invisible, speed 3
}: 2/15 runes: decaying, serpentine
a: Renounce Religion, Evoke Invisibility


You were on level 4 of the Depths.
You worshipped Vehumet.
Vehumet was exalted by your worship.
You visited 8 branches of the dungeon, and saw 40 of its levels.
You also visited: Ossuary and Gauntlet.

You collected 6563 gold pieces.
You spent 2079 gold pieces at shops.

Inventory:

Hand Weapons
 w - the +7 spear of Immorality {vorpal, rElec rN+ Str+2 Dex+3}
   (You bought it in a shop on level 2 of the Orcish Mines)

   It inflicts extra damage upon your enemies.
   It affects your strength (+2).
   It affects your dexterity (+3).
   It insulates you from electricity.
   It protects you from negative energy.
 V - the +6 Majin-Bo (weapon) {vamp, MP+6 Int+6}
   (You found it on level 2 of the Depths)

   It inflicts no extra harm, but heals its wielder when it wounds a living foe.
   It affects your intelligence (+6).
   It affects your magic capacity (+6).
Missiles
 b - 1047 stones (quivered)
 A - 12 curare-tipped darts
Armour
 q - the +3 hat of Pondering (worn) {ponderous, Will+ MP+10 Int+5}
   (You acquired it on level 2 of the Depths)

   It affects your intelligence (+5).
   It affects your willpower, your defense against some magical effects.
   It affects your magic capacity (+10).
 G - +5 steam dragon scales (worn)
 M - the -2 hat of the Alchemist {rElec rPois rF+ rC+ rN+ Will+ rMut rCorr}
   (You found it on level 4 of the Snake Pit)

   It protects you from fire.
   It protects you from cold.
   It insulates you from electricity.
   It protects you from poison.
   It protects you from negative energy.
   It affects your willpower, your defense against some magical effects.
   It provides partial protection from all sources of acid and corrosion.
   It protects you from mutation.
 U - a +2 buckler of reflection
 Z - a +2 cloak of preservation (worn)
Jewellery
 O - a +6 ring of intelligence (left hand)
 P - the amulet "Aqes Ano" (around neck) {Acrobat rF+++ Str+6 Dex-5 Slay+5}
   (You found it on level 2 of the Lair of Beasts)

   [amulet of the acrobat]

   It helps you evade while moving and waiting.
   It affects your strength (+6).
   It affects your dexterity (-5).
   It affects your accuracy and damage with ranged weapons and melee attacks
   (+5).
   It renders you almost immune to fire.
 T - the ring "Ismi" (right hand) {+Inv rN+ Int+9 Dex-2 Stlth-}
   (You found it on level 4 of the Lair of Beasts)

   [ring of positive energy]

   It affects your intelligence (+9).
   It affects your dexterity (-2).
   It protects you from negative energy.
   It lets you turn invisible.
   It makes you less stealthy.
Wands
 d - a wand of iceblast (49)
 j - a wand of paralysis (8)
 y - a wand of enslavement (35)
 E - a wand of disintegration (11)
 F - a wand of digging (4)
 I - a wand of polymorph (54)
 W - a wand of acid (2)
Scrolls
 c - 2 scrolls of silence
 f - 27 scrolls of remove curse
 i - 5 scrolls of fear
 k - 6 scrolls of fog
 s - 7 scrolls of identify
 t - 8 scrolls of magic mapping
 v - 4 scrolls of summoning
 C - 20 scrolls of teleportation
 H - a scroll of blinking
 K - 7 scrolls of amnesia
 R - 6 scrolls of enchant weapon
 S - a scroll of holy word
 X - 5 scrolls of immolation
Potions
 e - 3 potions of invisibility
 g - 10 potions of attraction
 h - 9 potions of lignification
 l - 12 potions of brilliance
 m - 6 potions of heal wounds
 n - 7 potions of magic
 o - 7 potions of mutation
 p - 10 potions of haste
 r - 8 potions of flight
 u - 12 potions of cancellation
 x - 2 potions of ambrosia
 z - 16 potions of curing
 L - 3 potions of resistance
 Q - 3 potions of might
Miscellaneous
 a - a lightning rod (4/4)
 B - a phial of floods
 N - a tin of tremorstones (2/2)
 Y - a box of beasts


   Skills:
 + Level 14.4 Fighting
 - Level 16.1 Dodging
 + Level 17.8 Stealth
 - Level 7.2 Shields
 + Level 21.8 Spellcasting
 + Level 10.9 Conjurations
 - Level 2.6 Hexes
 - Level 5.7 Summonings
 - Level 4.4 Translocations
 - Level 4.3 Transmutations
 + Level 4.2 Fire Magic
 - Level 3.2 Ice Magic
 - Level 3.6 Air Magic
 + Level 17.3 Earth Magic
 - Level 6.2 Evocations


You had 3 spell levels left.
You knew the following spells:

 Your Spells              Type           Power        Failure   Level
a - Sandblast             Erth           ######       0%          1
b - Passwall              Tmut/Erth      ########     0%          2
c - Stone Arrow           Conj/Erth      ######       0%          3
d - Blink                 Tloc           N/A          1%          2
e - Petrify               Tmut/Erth      ########     1%          4
f - Lee's Rapid Deconstr  Erth           ########..   0%          5
g - Statue Form           Tmut/Erth      ########.    1%          6
i - Hailstorm             Conj/Ice       #######.     1%          4
j - Freezing Cloud        Conj/Ice/Air   #######...   1%          6
k - Spellforged Servitor  Conj/Summ      #######...   2%          7
l - Starburst             Conj/Fire      #######...   1%          6
m - Shatter               Erth           ########..   6%          9
n - Iron Shot             Conj/Erth      ########..   1%          6

Your spell library contained the following spells:

 Spells                   Type           Power        Failure   Level
 Ignition                 Fire           #######...   58%         8
 Fire Storm               Conj/Fire      #######...   94%         9
 Foxfire                  Conj/Fire      ####         0%          1
 Magic Dart               Conj           ####         0%          1
 Shock                    Conj/Air       ####         0%          1
 Searing Ray              Conj           ######       0%          2
 Animate Skeleton         Necr           ######       1%          1
 Beastly Appendage        Tmut           ######       1%          1
 Corona                   Hex            ######.      1%          1
 Freeze                   Ice            ####         1%          1
 Call Imp                 Summ           #######.     1%          2
 Corpse Rot               Necr/Air       N/A          1%          2
 Slow                     Hex            ######..     1%          2
 Sublimation of Blood     Necr           ######....   1%          2
 Swiftness                Air            ######..     1%          2
 Wereblood                Tmut           #######.     1%          2
 Confusing Touch          Hex            ######..     1%          3
 Conjure Flame            Conj/Fire      #######.     1%          3
 Dazzling Flash           Conj/Hex       ######       1%          3
 Frozen Ramparts          Ice            ######       1%          3
 Gell's Gravitas          Tloc           #######...   1%          3
 Ignite Poison            Fire/Tmut/Pois ######..     1%          3
 Inner Flame              Hex/Fire       ######..     1%          3
 Mephitic Cloud           Conj/Pois/Air  #######.     1%          3
 Ozocubu's Armour         Ice            ######..     1%          3
 Portal Projectile        Hex/Tloc       ######       1%          3
 Spider Form              Tmut/Pois      ######....   1%          3
 Static Discharge         Conj/Air       #######.     1%          3
 Vampiric Draining        Necr           ######....   1%          3
 Airstrike                Air            ######....   1%          4
 Cause Fear               Hex            ######....   1%          4
 Fulminant Prism          Conj/Hex       #######...   1%          4
 Ice Form                 Ice/Tmut       #######.     1%          4
 Iskenderun's Mystic Bla  Conj/Tloc      #######.     1%          4
 Leda's Liquefaction      Hex/Erth       ########..   1%          4
 Sticky Flame             Conj/Fire      #######.     1%          4
 Summon Ice Beast         Ice/Summ       #######.     1%          4
 Summon Lightning Spire   Summ/Air       #######.     1%          4
 Blade Hands              Tmut           #######...   1%          5
 Bolt of Magma            Conj/Fire/Erth ########..   1%          5
 Fireball                 Conj/Fire      #######...   1%          5
 Irradiate                Conj/Tmut      #######...   1%          5
 Iskenderun's Battlesphe  Conj           ########     1%          5
 Lightning Bolt           Conj/Air       #######...   1%          5
 Silence                  Hex/Air        ######....   1%          5
 Summon Forest            Summ/Tloc      #######...   1%          5
 Yara's Violent Unravell  Hex/Tmut       ######....   1%          5
 Conjure Ball Lightning   Conj/Air       #######...   1%          6
 Orb of Destruction       Conj           ########..   1%          7
 Animate Dead             Necr           ######....   2%          4
 Metabolic Englaciation   Hex/Ice        ######....   2%          5
 Alistair's Intoxication  Tmut/Pois      ######...    3%          5
 Dispersal                Tloc           #######...   6%          6
 Hydra Form               Tmut           #######...   7%          6
 Agony                    Necr           ######..     8%          5
 Eringya's Noxious Bog    Tmut/Pois      ######....   17%         6
 Summon Hydra             Summ           #######...   22%         7
 Dragon Form              Tmut           #######...   36%         7
 Disjunction              Tloc           #######...   95%         8
 Tornado                  Air            ######....   100%        9


Dungeon Overview and Level Annotations

Branches:
Dungeon (15/15)            Temple (1/1) D:6            Lair (6/6) D:9
  Swamp (4/4) Lair:2        Snake (4/4) Lair:4        Slime (0/5) Lair:5
    Orc (2/2) D:11            Elf (0/3) Orc:2        Vaults (4/5) D:13
  Crypt (0/3) Vaults:2     Depths (4/5) D:15        Ossuary (visited)
Gauntlet (visited)

Altars:
Ashenzari
Cheibriados
Dithmenos
Elyvilon
Fedhas
Gozag
Hepliaklqana
Kikubaaqudgha
Makhleb
Nemelex Xobeh
Okawaru
Qazlal
Ru
Sif Muna
Trog
Uskayaw
Vehumet
Wu Jian
Xom
Yredelemnul
Zin
The Shining One
Beogh

Shops:
D:5 [   D:7 [   D:10 !   D:11 =   Orc:2 }[}}(   Snake:4 ?=*   Vaults:4 !
Depths:1 *   Depths:2 (   Depths:4 [

Portals:
Hell: Depths:1 Depths:2 Depths:3
Pandemonium: Depths:1 Depths:2 Depths:3
Ziggurat: Depths:1
Trove: D:11 (give 18 potions of curing)

Annotations:
D:5 3 runed translucent doors, arkorax's ghost, amateur NaDe
Lair:5 2 transporters, exclusion: 4 oklob plants, Bofex's ghost, journeyman OpTm
Orc:2 1 runed translucent door
Depths:1 2 transporters, exclusion: orange crystal statue


Innate Abilities, Weirdness & Mutations

You are very small and have problems with some larger weapons.
You are too small for most types of armour.
You have supernaturally acute eyesight. (SInv)
You cover ground extremely quickly.


Message History

The living lightning misses you.
The spark wasp blinks!
Blink to where?
Press: ? - help, Dir - move target
As you read the scroll of blinking, it crumbles to dust.
An ice dragon, a titan and a lich come into view.
Your spellforged servitor hums quietly as it recharges.
The spark wasp is engulfed in freezing vapours.
The lich gestures wildly while chanting.
The spark wasp is engulfed in freezing vapours.
As you read the scroll of teleportation, it crumbles to dust.
You feel strangely unstable.
The titan waves its arms in wide circles.
The air twists around and strikes you!!
* * * LOW HITPOINT WARNING * * *
The spark wasp is engulfed in freezing vapours.
Your spellforged servitor points at the spark wasp and mumbles some strange words.
The iron shot misses the spark wasp.
The juggernaut hits you but does no damage.
The juggernaut hits you!!
You die...

#y....### #§...#.#
###y....# # #..y....#
.. ##(.)..## #... .
###.8..##.)... ..
#..(C.)......# ...
###C§§§....### ###.#
.... ##@y§§§..###
#.#........###.......##
.#...............L.D2.
#... #####....###.C..#
+...# ###...### ..[....
#..##.....# ##..#..
#....#### # #..### ##
#..#


You could see a juggernaut, a titan, an ice dragon, a lich, an ettin, a blizzard
demon (summoned), 3 spark wasps and a friendly spellforged servitor (summoned).

Vanquished Creatures
  2 ancient liches (Depths:2)
  Sojobo (Vaults:3)
  the Lernaean hydra (Swamp:4)
  Jory (Vaults:2)
  The ghost of PanSaczeczos the Geomancer, an adept DrEE of Ashenzari (Vaults:1)
  Rupert (Snake:1)
  A lich (Depths:1)
  A quicksilver dragon (Depths:2)
  Asterion (Vaults:3)
  4 tengu reavers
  A sphinx (Depths:2)
  The ghost of Bigru the Wrestler, an adept TrMo of Ru (Snake:2)
  5 nagarajas
  A frost giant (Depths:2)
  6 fire giants
  8 vault wardens
  A caustic shrike zombie (Depths:1)
  A cacodemon (Depths:1)
  11 very ugly things
  11 ironheart preservers
  5 entropy weavers
  15 stone giants
  2 vampire knights
  A deep elf demonologist (Vaults:4)
  A minotaur (Gauntlet)
  7 bunyips
  2 deep elf annihilators (Vaults:4)
  A spark wasp (Depths:4)
  A deep elf death mage (Vaults:4)
  10 ettins
  4 eleionomae
  6 fire dragons
  2 great orbs of eyes
  13 ogre magi
  6 yaktaur captains
  12 ice dragons
  7 naga warriors
  3 boulder beetles
  3 rakshasas
  3 vault guards (Vaults:2)
  Harold (D:9)
  5 ghost crabs
  6 catoblepae
  Fannar (Orc:1)
  3 spriggan air magi
  28 hydras
  A hell beast (Depths:4)
  6 centaur warriors
  9 alligators
  The ghost of Flubbersnuff the Spear-Bearer, a novice MiBe of Trog (D:10)
  17 anacondas
  9 death yaks
  2 death knights (Vaults:4)
  39 two-headed ogres
  2 dancing weapons
  3 tengu warriors
  8 deep troll shamans
  4 deep troll earth magi
  An orc high priest (Orc:1)
  Urug (Lair:2)
  6 naga sharpshooters
  Sonja (Lair:5)
  2 vampire magi (Depths:2)
  5 spriggan berserkers
  Nergalle (Lair:1)
  2 deep elf knights
  3 shock serpents
  14 skeletal warriors
  5 fire crabs (D:12)
  2 shadow wraiths
  A salamander mystic (Snake:4)
  A fire crab (shapeshifter) (Vaults:1)
  2 iron trolls (Depths:3)
  4 sea snakes (Snake:3)
  3 unseen horrors (shapeshifter)
  4 flayed ghosts
  3 goliath frogs
  2 glowing orange brains (Depths:2)
  3 spriggan druids (Swamp:4)
  3 unseen horrors
  A torturous demonspawn (Depths:1)
  22 deep trolls
  4 orange crystal statues (Orc:2)
  6 naga ritualists
  2 wizards
  Maggie (D:6)
  12 swamp dragons
  5 deep elf archers
  10 ironbrand convokers
  6 necromancers
  2 harpies (shapeshifter)
  A wolf spider zombie (D:15)
  13 bog bodies
  4 phantasmal warriors
  17 orc knights
  4 harpies (Vaults:3)
  A sphinx zombie (Vaults:2)
  57 ugly things
  2 human zombies (Vaults:2)
  23 slime creatures
  5 wolf spiders
  6 manticores
  2 will-o-the-wisps
  10 salamanders
  16 deep elf magi
  5 mana vipers
  2 oklob plants (Lair:2)
  3 orc sorcerers
  A stone giant zombie (Vaults:2)
  6 cyclopes
  A black mamba (shapeshifter) (Vaults:1)
  Maurice (D:10)
  39 black mambas
  8 vault sentinels
  An orange demon (Depths:1)
  17 naga magi
  2 rust devils (Depths:1)
  4 elephants
  A guardian serpent (shapeshifter) (D:15)
  An apocalypse crab (D:12)
  A stone giant skeleton (Depths:1)
  A centaur zombie (D:15)
  A cane toad (shapeshifter) (Vaults:3)
  3 guardian serpents
  2 torpor snails (Lair:6)
  4 gargoyles
  An elf zombie (Depths:1)
  6 cane toads
  4 freezing wraiths
  3 rime drakes
  9 komodo dragons
  2 kobold demonologists
  A yaktaur zombie (Vaults:2)
  18 yaktaurs
  An ice devil (Gauntlet)
  3 tengu conjurers
  11 trolls
  16 hornets
  A hellwing (Depths:1)
  A yaktaur skeleton (Vaults:4)
  A jumping spider (Vaults:4)
  A harpy zombie (D:14)
  A jumping spider (shapeshifter) (Depths:2)
  2 polar bears (Lair:6)
  A tyrant leech (shapeshifter) (Vaults:4)
  6 tyrant leeches
  A frost giant simulacrum (Depths:1)
  A deep troll zombie (Depths:1)
  4 blink frogs (Lair:5)
  A raiju (Gauntlet)
  6 dream sheep (Lair:6)
  A stone giant simulacrum (Vaults:2)
  26 spriggans
  A shadow (D:14)
  7 wraiths
  A tarantella (Vaults:4)
  A vampire (D:13)
  76 yaks
  4 wyverns
  A fire elemental (D:15)
  A golden eye (shapeshifter) (D:15)
  4 basilisks
  A basilisk (shapeshifter) (Vaults:1)
  A steam dragon (D:8)
  2 vampire mosquitoes (D:14)
  10 wargs
  15 swamp worms
  52 nagas
  4 acid dragons
  An acid dragon (shapeshifter) (D:15)
  A soldier ant (D:14)
  31 water moccasins
  2 floating eyes
  13 swamp drakes
  5 phantoms
  4 sky beasts
  2 black bears
  2 ice beasts
  49 orc warriors
  2 eyes of draining
  36 ogres
  14 boggarts
  A necrophage (D:8)
  20 wolves
  16 centaurs
  2 big kobolds
  23 bullfrogs
  2 wyvern zombies (D:10)
  A gnoll sergeant (D:6)
  5 scorpions
  A water moccasin skeleton (D:4)
  16 wights
  2 electric eels
  A spectral bullfrog (D:10)
  7 howler monkeys
  A crimson imp (Depths:1)
  6 hounds
  A lava snake (D:15)
  2 quasits (Depths:1)
  4 bullfrog zombies (Ossuary)
  3 bullfrog skeletons
  3 jellies
  23 orc priests
  2 centaur skeletons
  6 hell rats (Lair:6)
  4 iguanas
  16 worker ants
  30 orc wizards
  2 lightning spires (Gauntlet)
  2 centaur simulacra (D:10)
  2 hound zombies (Ossuary)
  A hound skeleton (D:4)
  16 mummies (Ossuary)
  5 worker ant zombies
  10 gnolls
  29 adders
  4 shadow imps
  17 white imps
  3 ufetubi
  An ooze (D:2)
  3 adder zombies (Ossuary)
  2 worms
  3 dart slugs
  6 leopard geckos
  123 orcs
  8 bats
  6 giant cockroaches
  A goblin (shapeshifter) (Vaults:1)
  2 goblins (D:3)
  10 hobgoblins
  4 jackals (D:10)
  10 quokkas
  7 ball pythons
  6 frilled lizards
  2 giant cockroach zombies (Ossuary)
  10 kobolds
  5 leopard gecko zombies
  2 quokka skeletons
  2 quokka zombies (Ossuary)
  9 rats
  15 butterflies (Vaults:3)
1712 creatures vanquished.

Vanquished Creatures (collateral kills)
  A juggernaut (Depths:3)
  A thorn hunter (Swamp:4)
  A tengu reaver (Vaults:3)
  2 nagarajas (Snake:4)
  A vault warden (Vaults:2)
  A deep elf sorcerer (Vaults:1)
  3 ironheart preservers
  2 stone giants
  A hydra (Swamp:4)
  A naga sharpshooter (Snake:4)
  A swamp dragon (Swamp:4)
  5 deep trolls
  2 naga ritualists (Snake:4)
  3 bog bodies (Swamp:4)
  A deep elf archer (Vaults:3)
  2 wolf spiders
  2 ugly things (Vaults:4)
  A nameless horror (Vaults:1)
  A yaktaur (Vaults:3)
  7 nagas (Snake:4)
  2 orc warriors
  A centaur (Vaults:3)
  3 orc priests
  An orc (D:6)
46 creatures vanquished.

Vanquished Creatures (others)
  An ironbrand convoker (Vaults:3)
  A wolf spider (Vaults:3)
  2 hornets
  A bullfrog (Lair:3)
  A quokka (D:14)
  14 demonic plants (Gauntlet)
  8 foxfires
  51 fungi
  73 plants
  6 withered plants (Ossuary)
158 creatures vanquished.

Grand Total: 1916 creatures vanquished

Notes
Turn   | Place    | Note
-------+----------+-------------------------------------------
     0 | D:1      | tsouns the Spriggan Earth Elementalist began the quest for
                  | the Orb.
     0 | D:1      | Reached XP level 1. HP: 9/9 MP: 5/5
   198 | D:1      | Reached skill level 3 in Spellcasting
   202 | D:1      | Reached XP level 2. HP: 13/13 MP: 1/7
   738 | D:1      | Learned a level 2 spell: Passwall
  1246 | D:2      | Reached XP level 3. HP: 16/16 MP: 6/8
  1873 | D:3      | Lost strength.
  2007 | D:3      | Reached XP level 4. HP: 20/21 MP: 5/10
  2132 | D:3      | Reached skill level 4 in Spellcasting
  2219 | D:3      | Reached skill level 5 in Stealth
  2484 | D:3      | Reached XP level 5. HP: 22/24 MP: 6/12
  2486 | D:3      | Reached skill level 1 in Shields
  2954 | D:3      | Reached XP level 6. HP: 18/28 MP: 0/14
  3260 | D:4      | Learned a level 3 spell: Stone Arrow
  3263 | D:4      | Learned a level 2 spell: Blink
  3423 | D:4      | Reached skill level 5 in Spellcasting
  3893 | D:4      | Reached skill level 1 in Conjurations
  3901 | D:4      | Reached XP level 7. HP: 32/32 MP: 9/15
  4429 | D:5      | Entered Level 5 of the Dungeon
  4687 | D:5      | Found Jyreanas's Armour Boutique.
  4828 | D:5      | Found a runed translucent gate.
  4828 | D:5      | Found a runed translucent gate.
  4834 | D:5      | Found a runed translucent gate.
  4836 | D:5      | Noticed arkorax's ghost (amateur NaDe)
  5111 | D:5      | Found a snail-covered altar of Cheibriados.
  5479 | D:6      | Reached skill level 6 in Spellcasting
  5479 | D:6      | Reached XP level 8. HP: 13/36 MP: 9/18
  5682 | D:5      | Learned a level 4 spell: Petrify
  5688 | D:5      | Learned a level 5 spell: Lee's Rapid Deconstruction
  5765 | D:6      | Reached skill level 5 in Earth Magic
  6238 | D:6      | Reached skill level 1 in Fighting
  6424 | D:6      | Found a staircase to the Ecumenical Temple.
  6456 | Temple   | Entered the Ecumenical Temple
  6750 | Temple   | Became a worshipper of Vehumet
  7146 | D:6      | Noticed Maggie
  7449 | D:6      | Reached skill level 1 in Translocations
  7508 | D:6      | Found a shadowy altar of Dithmenos.
  7517 | D:6      | Killed Maggie
  7517 | D:6      | Reached skill level 7 in Spellcasting
  7517 | D:6      | Reached XP level 9. HP: 32/42 MP: 8/20
  8144 | D:7      | Reached * piety under Vehumet
  8144 | D:7      | Offered knowledge of Freeze by Vehumet.
  9336 | D:7      | Found a blossoming altar of Fedhas.
  9539 | D:7      | Found Ytolaweq's Antique Armour Shop.
  9548 | D:7      | Bought a cloak for 126 gold pieces
  9733 | D:8      | Found a sand-covered staircase.
  9738 | Ossuary  | Entered an ossuary
  9979 | Ossuary  | Reached skill level 8 in Spellcasting
 10157 | Ossuary  | Reached ** piety under Vehumet
 10158 | Ossuary  | Offered knowledge of Searing Ray by Vehumet.
 11297 | D:8      | Reached XP level 10. HP: 49/49 MP: 21/23
 11450 | D:8      | Offered knowledge of Frozen Ramparts by Vehumet.
 11930 | D:8      | Found a shimmering altar of Xom.
 11930 | D:8      | Found a white marble altar of Elyvilon.
 12818 | D:9      | Found an opulent altar of Gozag.
 12847 | D:9      | Found a staircase to the Lair.
 12907 | D:9      | Reached *** piety under Vehumet
 13577 | D:9      | Got a dazzling rapier
 13578 | D:9      | Identified the +5 rapier "Meigoliu" {flame, rElec rF+ rC-
                  | rN+} (You found it on level 9 of the Dungeon)
 13648 | Lair:1   | Entered Level 1 of the Lair of Beasts
 13662 | Lair:1   | Noticed Harold
 14015 | Lair:1   | Noticed a black mamba
 14052 | D:9      | Killed Harold
 14052 | D:9      | Reached skill level 5 in Dodging
 14052 | D:9      | Reached skill level 9 in Spellcasting
 14189 | Lair:1   | Killed a black mamba
 14459 | Lair:1   | Noticed Nergalle
 14473 | Lair:1   | Noticed a spectral orc warlord
 14475 | Lair:1   | Killed Nergalle
 14618 | Lair:1   | Reached skill level 5 in Conjurations
 14620 | Lair:1   | Offered knowledge of Static Discharge by Vehumet.
 14623 | Lair:1   | Noticed a cane toad
 14624 | Lair:1   | Noticed a cane toad
 14689 | D:9      | Killed a cane toad
 14689 | D:9      | Reached XP level 11. HP: 53/54 MP: 3/25
 15013 | Lair:1   | Reached skill level 5 in Fighting
 15748 | Lair:1   | Learned a level 3 spell: Conjure Flame
 15772 | Lair:2   | Noticed a seven-headed hydra
 15781 | Lair:2   | Killed a seven-headed hydra
 16337 | Lair:2   | Reached **** piety under Vehumet
 16354 | Lair:2   | Reached skill level 10 in Spellcasting
 16358 | Lair:2   | Offered knowledge of Hailstorm by Vehumet.
 16473 | Lair:2   | Noticed a four-headed hydra
 16480 | Lair:2   | Noticed a catoblepas
 16491 | Lair:2   | Killed a four-headed hydra
 16491 | Lair:2   | Reached skill level 5 in Shields
 16700 | Lair:2   | Learned a level 3 spell: Mephitic Cloud
 16718 | Lair:2   | Killed a catoblepas
 16874 | Lair:2   | Noticed Urug
 16891 | Lair:2   | Killed Urug
 17195 | Lair:2   | Got a sparkling crystal amulet
 17216 | Lair:2   | Noticed an oklob plant
 17216 | Lair:2   | Noticed an oklob plant
 17498 | Lair:2   | Noticed a bog body
 17499 | Lair:2   | Noticed a bog body
 17842 | Lair:2   | Killed a bog body
 17851 | Lair:2   | Killed a bog body
 17851 | Lair:2   | Reached XP level 12. HP: 61/61 MP: 20/27
 17941 | Lair:2   | Found a staircase to the Swamp.
 18116 | Lair:3   | Noticed a catoblepas
 18404 | Lair:4   | Got a scorched lapis lazuli ring
 18408 | Lair:4   | Identified the amulet "Aqes Ano" {Acrobat rF+++ Str+6 Dex-5
                  | Slay+5} (You found it on level 2 of the Lair of Beasts)
 18692 | Lair:4   | Identified the ring "Ismi" {+Inv rN+ Int+9 Dex-2 Stlth-}
                  | (You found it on level 4 of the Lair of Beasts)
 18706 | Lair:4   | Learned a level 4 spell: Hailstorm
 18772 | Lair:4   | Reached skill level 11 in Spellcasting
 19127 | Lair:4   | Found a staircase to the Snake Pit.
 19733 | Lair:4   | Reached skill level 10 in Dodging
 19735 | Lair:4   | Paralysed by a hornet for 1 turns
 20485 | Lair:5   | Reached ***** piety under Vehumet
 20485 | Lair:5   | Offered knowledge of Fulminant Prism by Vehumet.
 20641 | Lair:5   | Noticed Sonja
 20645 | Lair:5   | Killed Sonja
 20712 | Lair:5   | Noticed an eight-headed hydra
 20732 | Lair:5   | Killed an eight-headed hydra
 21041 | Lair:5   | Found a staircase to the Slime Pits.
 21315 | Lair:5   | Found a transporter.
 21315 | Lair:5   | Noticed Bofex's ghost (journeyman OpTm)
 21315 | Lair:5   | Noticed a death yak
 21319 | Lair:5   | Found a transporter.
 21483 | Lair:5   | Noticed a four-headed hydra
 21490 | Lair:5   | Killed a four-headed hydra
 21490 | Lair:5   | Reached XP level 13. HP: 67/67 MP: 13/29
 21739 | Lair:5   | Identified the +8 quarterstaff of Archiq {drain, *Drain
                  | rPois Int+4} (You found it on level 5 of the Lair of
                  | Beasts)
 22161 | Lair:6   | Entered Level 6 of the Lair of Beasts
 22173 | Lair:5   | Reached skill level 10 in Stealth
 23191 | Lair:6   | Reached skill level 12 in Spellcasting
 24803 | Lair:6   | Offered knowledge of Irradiate by Vehumet.
 25260 | Lair:6   | Reached XP level 14. HP: 72/72 MP: 5/31
 25474 | Lair:6   | Reached skill level 10 in Earth Magic
 25943 | Lair:6   | Identified the Tome of Blistering Evil
 27608 | D:10     | Entered Level 10 of the Dungeon
 27771 | D:10     | Noticed Maurice
 27777 | D:10     | Killed Maurice
 28022 | D:10     | Found Hakooshra's Distillery.
 28949 | D:10     | Found a runed translucent gate.
 28949 | D:10     | Found a runed translucent gate.
 28951 | D:10     | Found a runed translucent gate.
 28951 | D:10     | Noticed Flubbersnuff's ghost (novice MiBe)
 28991 | D:10     | Killed Flubbersnuff's ghost
 29317 | D:10     | Got a shadowed robe
 29318 | D:10     | Identified the +2 robe of Inquiry {rElec Slay+5} (You found
                  | it on level 10 of the Dungeon)
 29549 | D:11     | Found Xuik's Jewellery Shoppe.
 29597 | D:11     | Found a roughly hewn altar of Beogh.
 29609 | D:11     | Offered knowledge of Spellforged Servitor by Vehumet.
 29736 | D:11     | Found a staircase to the Orcish Mines.
 30032 | D:11     | Found a portal to a secret trove of treasure.
 30547 | D:12     | Found a gate leading to a gauntlet.
 30555 | Gauntlet | Entered a Gauntlet
 30555 | Gauntlet | Found a transporter.
 30568 | Gauntlet | Found a transporter.
 30579 | Gauntlet | Found a transporter.
 30584 | Gauntlet | Found a transporter.
 30601 | Gauntlet | Found a transporter.
 30618 | Gauntlet | Found a transporter.
 30630 | Gauntlet | Found a transporter.
 30642 | Gauntlet | Found a transporter.
 30654 | Gauntlet | Found a transporter.
 30669 | Gauntlet | Found a transporter.
 30683 | Gauntlet | Found a transporter.
 30701 | Gauntlet | Found a transporter.
 30703 | Gauntlet | Found a transporter.
 30729 | Gauntlet | Found a transporter.
 30731 | Gauntlet | Found a transporter.
 30751 | Gauntlet | Found a transporter.
 30829 | Gauntlet | Found a transporter.
 30849 | Gauntlet | Found a transporter.
 31104 | Gauntlet | Reached skill level 13 in Spellcasting
 31415 | Gauntlet | Identified the ring "Voimu" {Dex+2 Slay+4 SInv}
 31432 | Gauntlet | Identified the Catalogue of the Floating Mountains
 31447 | Gauntlet | Got an ichor-stained long sword
 31686 | Gauntlet | Identified the +3 long sword of Lausch {speed, Int-2 Dex+5}
                  | (You found it in a Gauntlet)
 32525 | D:12     | Found a runed translucent door.
 32603 | D:12     | Noticed an entropy weaver
 32607 | D:12     | Killed an entropy weaver
 32837 | D:12     | Noticed an entropy weaver
 32843 | D:12     | Killed an entropy weaver
 33185 | D:12     | Noticed an entropy weaver
 33199 | D:12     | Killed an entropy weaver
 33517 | D:12     | Noticed an entropy weaver
 33531 | D:12     | Killed an entropy weaver
 34223 | D:13     | Reached XP level 15. HP: 78/78 MP: 16/33
 34603 | D:13     | Found a gate to the Vaults.
 34690 | D:13     | Offered knowledge of Iskenderun's Battlesphere by Vehumet.
 35586 | D:13     | Learned a level 6 spell: Freezing Cloud
 36827 | D:14     | Reached skill level 14 in Spellcasting
 37782 | D:14     | Reached skill level 1 in Air Magic
 37911 | D:14     | Reached skill level 1 in Ice Magic
 37950 | D:14     | Found a white marble altar of Elyvilon.
 38086 | D:15     | Entered Level 15 of the Dungeon
 38597 | D:15     | Upgraded the game from 0.26-a0-812-g31a745ddcd to
                  | 0.26-a0-1035-g76280ab330
 39723 | D:15     | Offered knowledge of Bolt of Magma by Vehumet.
 39799 | D:15     | Found a staircase to the Depths.
 39952 | Orc:1    | Entered Level 1 of the Orcish Mines
 39952 | Orc:1    | Noticed Fannar
 39960 | Orc:1    | Killed Fannar
 40739 | Orc:2    | Entered Level 2 of the Orcish Mines
 40761 | Orc:2    | Found a runed translucent door.
 40771 | Orc:2    | Found the +10 tower shield of Ignorance {rN+ Int-4}
 40805 | Orc:2    | Found Egry's Gadget Boutique.
 41458 | Orc:1    | Reached XP level 16. HP: 44/84 MP: 18/35
 42261 | Orc:2    | Found a staircase to the Elven Halls.
 42392 | Orc:2    | Reached skill level 15 in Stealth
 42395 | Orc:2    | Offered knowledge of Yara's Violent Unravelling by Vehumet.
 42740 | Orc:2    | Found Urofuzio's Gadget Boutique.
 42740 | Orc:2    | Found Zifilod's Weapon Emporium.
 43046 | Orc:2    | Found a roughly hewn altar of Beogh.
 43050 | Orc:2    | Found a runed translucent door.
 43200 | Orc:2    | Found Cufuec's Antique Armour Boutique.
 43200 | Orc:2    | Found Leguadi's Gadget Emporium.
 43250 | Orc:2    | Bought the +7 spear of Immorality {vorpal, rElec rN+ Str+2
                  | Dex+3} for 1023 gold pieces
 44322 | Swamp:1  | Entered Level 1 of the Swamp
 44329 | Swamp:1  | Reached skill level 15 in Dodging
 44939 | Swamp:1  | Reached skill level 10 in Fighting
 45000 | Swamp:1  | Found an ornate altar of the Wu Jian Council.
 45515 | Swamp:1  | Got a vibrating amber ring
 45516 | Swamp:1  | Identified the ring of Ovuo {*Drain Will+ Str+2 Dex+4
                  | Stlth+} (You found it on level 1 of the Swamp)
 45526 | Swamp:1  | HP: 2/85 [acid (4)]
 46244 | Swamp:2  | Learned a level 5 spell: Yara's Violent Unravelling
 46679 | Swamp:2  | Reached skill level 1 in Hexes
 47785 | Swamp:3  | Reached ****** piety under Vehumet
 48017 | Swamp:3  | Offered knowledge of Starburst by Vehumet.
 48025 | Swamp:3  | Learned a level 6 spell: Starburst
 48238 | Swamp:3  | Reached skill level 15 in Spellcasting
 48441 | Swamp:3  | Reached skill level 1 in Fire Magic
 50034 | Swamp:4  | Entered Level 4 of the Swamp
 50180 | Swamp:3  | Reached XP level 17. HP: 62/90 MP: 19/37
 50315 | Swamp:4  | HP: 3/90 [acid (3)]
 50768 | Snake:1  | Entered Level 1 of the Snake Pit
 51007 | Snake:1  | Reached skill level 1 in Evocations
 51046 | Snake:1  | Noticed Rupert
 51210 | Snake:1  | Killed Rupert
 52186 | Snake:2  | Found a large runed translucent door.
 52187 | Snake:2  | Found a large runed translucent door.
 52189 | Snake:2  | Noticed Bigru's ghost (adept TrMo)
 53221 | Snake:2  | Learned a level 7 spell: Spellforged Servitor
 54228 | Snake:2  | Killed Bigru's ghost
 54421 | Snake:3  | Reached skill level 1 in Summonings
 54425 | Snake:3  | Offered knowledge of Fire Storm by Vehumet.
 54425 | Snake:3  | Offered knowledge of Shatter by Vehumet.
 54425 | Snake:3  | Offered knowledge of Ignition by Vehumet.
 54836 | Snake:3  | Reached skill level 5 in Evocations
 56101 | Snake:3  | Reached skill level 16 in Spellcasting
 56603 | Snake:4  | Entered Level 4 of the Snake Pit
 56621 | Snake:4  | Found Cowys's Magic Scroll Boutique.
 56623 | Snake:4  | Found Tiemasty's Jewellery Shop.
 56625 | Snake:4  | Found Uhae's Assorted Antiques.
 56633 | Snake:4  | Bought 2 scrolls of teleportation for 108 gold pieces
 56637 | Snake:4  | Bought a scroll labelled RETIUTTUPLI for 39 gold pieces
 56637 | Snake:4  | Bought a smoking bronze amulet for 195 gold pieces
 56637 | Snake:4  | Identified the amulet of Xedid {Reflect Dex+6 SH+5} (You
                  | bought it in a shop on level 4 of the Snake Pit)
 57043 | Snake:4  | Found the -2 hat of the Alchemist {rElec rPois rF+ rC+ rN+
                  | Will+ rMut rCorr}
 57877 | Snake:4  | Reached XP level 18. HP: 95/95 MP: 30/39
 59050 | Snake:4  | Reached skill level 10 in Conjurations
 59842 | Snake:4  | Got a serpentine rune of Zot
 61052 | Swamp:4  | Reached skill level 5 in Summonings
 62248 | Swamp:4  | Reached skill level 17 in Spellcasting
 62589 | Swamp:4  | Noticed the 27-headed Lernaean hydra
 62596 | Swamp:4  | Killed the 27-headed Lernaean hydra
 62608 | Swamp:4  | Got a decaying rune of Zot
 62989 | Vaults:1 | Entered Level 1 of the Vaults
 63306 | Vaults:1 | Upgraded the game from 0.26-a0-1035-g76280ab330 to
                  | 0.26-a0-1040-gbe3abf3417
 64194 | Vaults:1 | Found a runed translucent gate.
 64194 | Vaults:1 | Found a runed translucent gate.
 64194 | Vaults:1 | Noticed PanSaczeczos's ghost (adept DrEE)
 64195 | Vaults:1 | Found a runed translucent gate.
 64315 | Vaults:1 | Reached XP level 19. HP: 99/99 MP: 25/41
 64416 | Vaults:1 | Identified a scroll of acquirement
 64417 | Vaults:1 | Acquired 489 gold pieces
 64503 | Vaults:1 | Reached skill level 18 in Spellcasting
 67090 | Vaults:2 | Noticed Jory
 67112 | Vaults:2 | Killed Jory
 68114 | Vaults:2 | Identified the cursed +0 chain mail "Miorr" {rCorr Str-4
                  | Stlth+}
 68521 | Vaults:2 | Found a staircase to the Crypt.
 68812 | Vaults:2 | Reached skill level 19 in Spellcasting
 69138 | Vaults:3 | Learned a level 9 spell: Shatter
 69189 | Vaults:3 | Noticed Sojobo
 69765 | Vaults:3 | Reached skill level 15 in Earth Magic
 69970 | Vaults:3 | Reached XP level 20. HP: 82/107 MP: 24/44
 70705 | Vaults:3 | Noticed Asterion
 70714 | Vaults:3 | Killed Asterion
 70849 | Vaults:3 | Found a huge runed gate.
 70850 | Vaults:3 | Found a huge runed gate.
 70856 | Vaults:3 | Found a huge runed gate.
 70856 | Vaults:3 | Found a huge runed gate.
 70857 | Vaults:3 | Found a huge runed gate.
 70857 | Vaults:3 | Found a huge runed gate.
 70858 | Vaults:3 | Found a huge runed gate.
 70858 | Vaults:3 | Found a huge runed gate.
 70859 | Vaults:3 | Found a huge runed gate.
 70859 | Vaults:3 | Found a huge runed gate.
 70859 | Vaults:3 | Found a huge runed gate.
 70859 | Vaults:3 | Found a huge runed gate.
 70859 | Vaults:3 | Found a huge runed gate.
 70860 | Vaults:3 | Found a huge runed gate.
 70861 | Vaults:3 | Found a huge runed gate.
 70862 | Vaults:3 | Found a huge runed gate.
 70863 | Vaults:3 | Found a huge runed gate.
 70871 | Vaults:3 | Found a huge runed gate.
 70871 | Vaults:3 | Found a huge runed gate.
 70871 | Vaults:3 | Found a huge runed gate.
 70871 | Vaults:3 | Found a huge runed gate.
 70871 | Vaults:3 | Found a huge runed gate.
 70871 | Vaults:3 | Found a huge runed gate.
 70871 | Vaults:3 | Found a huge runed gate.
 71005 | Vaults:3 | Killed Sojobo
 71547 | Vaults:3 | Found a huge runed gate.
 71548 | Vaults:3 | Found a huge runed gate.
 71556 | Vaults:3 | Found a huge runed gate.
 71556 | Vaults:3 | Found a huge runed gate.
 71556 | Vaults:3 | Found a huge runed gate.
 71556 | Vaults:3 | Found a huge runed gate.
 71556 | Vaults:3 | Found a huge runed gate.
 71556 | Vaults:3 | Found a huge runed gate.
 71556 | Vaults:3 | Found a huge runed gate.
 71557 | Vaults:3 | Found a huge runed gate.
 71558 | Vaults:3 | Found a huge runed gate.
 71566 | Vaults:3 | Found a huge runed gate.
 72363 | Vaults:4 | Reached skill level 20 in Spellcasting
 72804 | Vaults:4 | Found Tyworha's Distillery.
 72812 | Vaults:4 | Bought a potion of haste for 210 gold pieces
 72812 | Vaults:4 | Bought a potion of haste for 210 gold pieces
 72812 | Vaults:4 | Bought a potion of magic for 168 gold pieces
 75392 | Vaults:1 | Reached XP level 21. HP: 52/113 MP: 20/46
 75392 | Vaults:1 | Killed PanSaczeczos's ghost
 75950 | Depths:1 | Entered Level 1 of the Depths
 76138 | Depths:1 | Found a one-way gate leading to the halls of Pandemonium.
 76436 | Depths:1 | Found a glowing golden altar of the Shining One.
 76753 | D:15     | Upgraded the game from 0.26-a0-1040-gbe3abf3417 to
                  | 0.26-a0-1060-g086102a3f0
 76861 | Depths:1 | Learned a level 6 spell: Iron Shot
 77128 | Depths:1 | Found Qankoc's Serpentskin Sales.
 77151 | Depths:1 | Found a gateway to a ziggurat.
 77206 | Depths:1 | Reached skill level 21 in Spellcasting
 77454 | Depths:1 | Found a gateway to Hell.
 77699 | Depths:1 | Found a transporter.
 77712 | Depths:1 | Found a transporter.
 78567 | Depths:1 | Learned a level 6 spell: Statue Form
 78642 | Depths:2 | Noticed an ancient lich
 78642 | Depths:2 | Noticed an ancient lich
 78649 | Depths:2 | Killed an ancient lich
 79721 | Depths:2 | Found Xiesug's Antique Weapon Emporium.
 80299 | Depths:2 | Acquired 674 gold pieces
 80621 | Depths:2 | Found the +6 Majin-Bo {vamp, MP+6 Int+6}
 80692 | Depths:2 | Killed an ancient lich
 80818 | Depths:2 | Acquired the +3 hat of Pondering {ponderous, Will+ MP+10
                  | Int+5}
 80819 | Depths:2 | Found the +3 hat of Pondering {ponderous, Will+ MP+10
                  | Int+5}
 81413 | Depths:3 | Noticed a juggernaut
 81420 | Depths:3 | Killed a juggernaut
 81421 | Depths:3 | Reached XP level 22. HP: 84/120 MP: 24/48
 83185 | Depths:4 | Found Louq's Antique Armour Shop.
 83192 | Depths:4 | Found an iron altar of Okawaru.
 83327 | Depths:4 | Noticed a golden dragon
 83335 | Depths:4 | Noticed a juggernaut
 83347 | Depths:4 | Slain by a juggernaut

Illustrated notes

Levels and vault maps discovered:
D:1:      eino_arrival_water_star, layout_basic, serial_bayou_ford_a
D:2:      layout_basic
D:3:      layout_loops_ring
D:4:      layout_gridville, corexii_hall_statues_deadend,
          hangedman_abyss_or_decor_passed, chequers_avenue, hex_medium
D:5:      layout_gridville, cheibriados_altar_1, serial_shops, shop,
          gammafunk_ghost_necromancy
D:6:      layout_loops_ring, lemuel_coloured_pillars_altar, temple_doors_cd,
          lightli_minifort, uniq_maggie
D:7:      layout_gridville, serial_shops, nicolae_shop_crystal,
          fedhas_ov_isle_minmay
D:8:      layout_layer_cave, gammafunk_temple_overflow_wave,
          nicolae_ossuary_entry_false_entrances
D:9:      layout_basic, grunt_gozag_statues, david_lair_shrubbed
D:10:     layout_roguey, serial_shops, shop, gammafunk_ghost_necromancy,
          kennysheep_doodads, uniq_maurice
D:11:     layout_roguey, david_orc_5, enter_trove_1, serial_shops, shop
D:12:     gammafunk_mikee_crab_dinner, layout_layer_cave, gauntlet_entry_generic
D:13:     layout_irregular_city, erik_vaults_1
D:14:     layout_basic, elyvilon_altar_4
D:15:     gammafunk_enter_depths_forms, layout_irregular_city,
          portal_ice_cave_entry_imps, grunt_decor_junction
Temple:   minmay_temple_bridge_d
Lair:1:   layout_regular_city, cheibrodos_lair_caveside_slide, st_stairs_9,
          chequers_serial_rivers_room_a, guppyfry_lair_drakes, uniq_nergalle,
          uniq_harold
Lair:2:   dpeg_oklob_gauntlet, layout_misc_corridors,
          nicolae_swamp_entry_splash_gauntlet, serial_bayou_shore_b, uniq_urug
Lair:3:   layout_misc_corridors, grunt_megastairs_5
Lair:4:   kb_forest_paths, layout_long_grid, minmay_snake_entry_six_corridors,
          st_stairs_7
Lair:5:   layout_cave_pods, minmay_slime_entry_oklob_open,
          gammafunk_ghost_arena, infiniplex_staircase_pool_2,
          serial_bayou_shore_a, grunt_megastairs_4, uniq_sonja
Lair:6:   evilmike_catoblepas_cave, layout_hall_layers, fungi_pond_lemuel,
          grunt_megastairs_2
Swamp:1:  layout_falls_marsh, nicolae_swamp_godswood
Swamp:2:  layout_falls_marsh, evilmike_swamp_ruin_house_4,
          nicolae_swamp_snake_nest
Swamp:3:  layout_basic_swamp, evilmike_swamp_ruin_house_1, st_swamp_ruins_4
Swamp:4:  grunt_swamp_rune_castle, layout_basic_swamp, infiniplex_staircase_pool
Snake:1:  layout_basic, chequers_hall_statues_corner_a, lemuel_fruit_tree,
          uniq_rupert
Snake:2:  layout_chambers, ebering_ghost_disaster_area,
          hangedman_snake_corridor_cut
Snake:3:  layout_basic, grunt_ministairs_8, nicolae_snake_springs
Snake:4:  minmay_snake_end_coiled, layout_cave_town, minmay_shop_star
Orc:1:    layout_caves, uniq_fannar
Orc:2:    st_orc_town, layout_caves, serial_shops, shop,
          chequers_guarded_unrand_ignorance
Vaults:1: gammafunk_vaults_ghost_split, nicolae_vaults_rhombus_7,
          nicolae_vaults_octagons, grunt_vaults_trifunnel,
          grunt_vaults_hallway_short, layout_vaults_chaotic_city
Vaults:2: v_misc_17, v_misc_27, vaults_mumra_chevron_long,
          nicolae_vaults_twisting_passages, grunt_vaults_twisty,
          vaults_dpeg_encased_lava, dpeg_vaults_monster_row,
          nicolae_vaults_what_the_h, ontoclasm_vaults_gateway,
          layout_vaults_omnigrid, dummy_crypt_entry, uniq_jory
Vaults:3: v_misc_15, v_misc_9, vaults_dpeg_spiral, v_rooms_4,
          vaults_not_door_vault_mu, hangedman_vaults_pinch, v_misc_25,
          v_alt_pattern_6, vaults_room_hallway, hangedman_vaults_trim,
          vaults_dpeg_ring, ontoclasm_vaults_chip, layout_vaults_ring,
          uniq_sojobo, uniq_margery, uniq_asterion
Vaults:4: v_misc_1, v_misc_18, nicolae_vaults_rhombus_7,
          nicolae_vaults_border_crossing, st_cells, nicolae_vaults_network_star,
          nicolae_vaults_big_ls, v_misc_28, v_misc_13,
          nicolae_vaults_little_squares_5, nicolae_vaults_gold_heap,
          nicolae_vaults_little_squares_4, v_misc_22, vaults_dpeg_diagonal,
          layout_vaults_omnicross, serial_shops, nicolae_shop_statue_plus
Depths:1: gammafunk_sealed_arena, layout_honeycomb, enter_ziggurat_e,
          serial_glass, glass_columns_a, glass_columns_a, tso_metal_star,
          grunt_pan_entry_zigzag, hell_entry, grunt_ministairs_1,
          guppyfry_shop_venom, grunt_megastairs_3, serial_bayou_shore_b
Depths:2: minmay_guarded_unrand_majin_bo, layout_basic, hell_entry,
          rand_demon_pan_entry_9, chequers_serial_rivers_small_3, serial_shops,
          shop, serial_sigils_hangedman_stare
Depths:3: minmay_inside_and_out, layout_basic, pf_vacation_house_of_asmodeus,
          minmay_misc_feat_secret_circle, pan_entry, kennysheep_diamond,
          minmay_misc_feat_iff
Depths:4: minmay_the_grid_triangle_9x9_recursive_3_mashed
          [minmay_the_grid_triangle_9x9_odd_lines,
          minmay_the_grid_triangle_9x9_negative_grid,
          minmay_the_grid_triangle_9x9_intruding_spiral,
          minmay_the_grid_triangle_9x9_prize_insulated,
          minmay_the_grid_triangle_9x9_warning,
          minmay_the_grid_triangle_9x9_subtriangle,
          minmay_the_grid_triangle_9x9_corruption,
          minmay_the_grid_triangle_9x9_cache,
          minmay_the_grid_triangle_9x9_empty], layout_basic,
          grunt_mini_vestibule, serial_shops, nicolae_shop_crystal,
          nicolae_abyss_entry_one_way_or_another, okawaru_ov_weapons_minmay,
          uniq_frederick, uniq_mara

Skill      XL: |  1  2  3  4  5  6  7  8  9 10 11 12 13 14 15 16 17 18 19 20 21 22 |
---------------+-------------------------------------------------------------------+-----
Spellcasting   | 3 4 5 6 7 8 9 10 11 12 13 14 15 16 17 19 20 21 | 21.8
Earth Magic    | 3 4 5 6 7 8 9 10 11 12 13 15 16 17 | 17.3
Stealth        | 4 5 6 7 8 9 11 13 14 16 17 | 17.8
Shields        | 1 2 3 4 5 6 7 |  7.2
Conjurations   | 1 2 3 4 5 6 7 8 9 10 | 10.9
Fighting       | 2 3 4 6 7 8 9 10 12 13 14 | 14.4
Translocations | 2 4 |  4.4
Transmutations | 3 4 |  4.3
Dodging        | 6 8 10 11 13 14 15 16 | 16.1
Air Magic      | 2 3 |  3.6
Ice Magic      | 2 3 |  3.2
Hexes          | 2 |  2.6
Fire Magic     | 1 2 3 4 |  4.2
Evocations     | 6 |  6.2
Summonings     | 3 5 |  5.7

Action                   |  1- 3 |  4- 6 |  7- 9 | 10-12 | 13-15 | 16-18 | 19-21 | 22-24 || total
-------------------------+-------+-------+-------+-------+-------+-------+-------+-------++-------
Melee: Dagger            |    52 |    19 |     1 |       |       |       |       |       ||    72
       Morningstar       |       |       |    31 |       |       |       |       |       ||    31
       Falchion          |       |       |    24 |    38 |       |       |       |       ||    62
       Rapier            |       |       |       |    63 |       |       |       |       ||    63
       Short sword       |       |       |       |       |   169 |    53 |       |       ||   222
       Spear             |       |       |       |       |       |   139 |   151 |       ||   290
 Cast: Sandblast         |    54 |    99 |   185 |   135 |    41 |    16 |    11 |       ||   541
       Stone Arrow       |       |     1 |   137 |   277 |   515 |   451 |   126 |     5 ||  1512
       Lee's Rapid Decon |       |       |     3 |    10 |   257 |   364 |   434 |    41 ||  1109
       Petrify           |       |       |     3 |     5 |    22 |    34 |     7 |       ||    71
       Blink             |       |       |     1 |     1 |     4 |     6 |     3 |       ||    15
       Conjure Flame     |       |       |       |    12 |     7 |       |       |       ||    19
       Mephitic Cloud    |       |       |       |     2 |     2 |     1 |       |       ||     5
       Hailstorm         |       |       |       |       |    15 |    63 |    69 |       ||   147
       Freezing Cloud    |       |       |       |       |     2 |    62 |    28 |     3 ||    95
       Yara's Violent Un |       |       |       |       |       |     4 |       |       ||     4
       Spellforged Servi |       |       |       |       |       |     7 |    15 |     2 ||    24
       Starburst         |       |       |       |       |       |       |    25 |       ||    25
       Shatter           |       |       |       |       |       |       |     1 |     2 ||     3
       Iron Shot         |       |       |       |       |       |       |    73 |    36 ||   109
       Statue Form       |       |       |       |       |       |       |     1 |       ||     1
Evoke: Wand              |       |       |     7 |     4 |     4 |     1 |     6 |       ||    22
       Lightning rod     |       |       |       |       |     4 |       |       |       ||     4
       Box of beasts     |       |       |       |       |     1 |       |     2 |       ||     3
       Phial of floods   |       |       |       |       |     1 |       |       |       ||     1
  Use: Scroll            |    11 |       |    16 |     5 |    19 |     8 |    14 |     2 ||    75
       Potion            |       |       |       |       |     2 |     3 |     3 |       ||     8
 Stab: Sleeping          |     1 |       |     3 |       |     1 |       |     1 |       ||     6
       Distracted        |       |     1 |       |       |       |     3 |     1 |       ||     5
       Petrified         |       |       |       |     8 |    12 |    27 |       |       ||    47
       Petrifying        |       |       |       |       |       |     2 |     1 |       ||     3
Armor: Robe              |     9 |     3 |     2 |       |       |    18 |       |       ||    32
       Steam dragon scal |       |       |     6 |    31 |    57 |    16 |    24 |     3 ||   137
       Skin              |       |       |       |       |       |       |     1 |       ||     1
Dodge: Dodged            |    69 |    11 |    91 |   198 |   344 |   414 |   335 |    23 ||  1485
Block: Buckler           |     8 |    11 |    51 |   121 |   149 |   193 |   150 |       ||   683
       Reflection        |       |       |       |       |     4 |    20 |    19 |       ||    43
       Rpst.: Falchion   |       |       |    10 |    31 |       |       |       |       ||    41

Table legend: (Time is in decaauts)
 A = Elapsed time spent in this place.
 B = Non-inter-level travel time spent in this place.
 C = Inter-level travel time spent in this place.
 D = Time resting spent in this place.
 E = Time spent auto-exploring this place.
 F = Levels seen in this place.
 G = Mean time per level.
                   A        B        C        D        E       F      G
               +--------+--------+--------+--------+--------+-----+--------+
         Total |  71054 |  69117 |   1937 |  11858 |  46952 |  42 | 1691.8 |
       Dungeon |  20949 |  20095 |    854 |   3538 |  13532 |  15 | 1396.6 |
        Temple |    219 |    137 |     82 |      0 |    133 |   1 |  219.0 |
          Lair |  11808 |  11375 |    433 |   3804 |   5736 |   6 | 1968.0 |
         Swamp |   8029 |   7865 |    164 |   1589 |   5252 |   4 | 2007.2 |
     Snake Pit |   7769 |   7647 |    122 |    179 |   6518 |   4 | 1942.2 |
  Orcish Mines |   3240 |   3186 |     54 |   1217 |   1275 |   2 | 1620.0 |
        Vaults |  10823 |  10672 |    151 |    469 |   8626 |   4 | 2705.8 |
        Depths |   6179 |   6105 |     74 |     91 |   5209 |   4 | 1544.8 |
       Ossuary |   1143 |   1143 |      0 |    786 |    162 |   1 | 1143.0 |
      Gauntlet |    890 |    890 |      0 |    184 |    505 |   1 |  890.0 |
               +--------+--------+--------+--------+--------+-----+--------+

Top non-repeatable levels by time:
 Swamp:3: 3206 daAuts
Vaults:3: 2783 daAuts
Vaults:2: 2742 daAuts
Vaults:1: 2679 daAuts
Vaults:4: 2617 daAuts
 Snake:4: 2555 daAuts
  Lair:4: 2547 daAuts
  Lair:5: 2502 daAuts
    D:12: 2490 daAuts
 Snake:3: 2345 daAuts
  Lair:6: 2213 daAuts
  Lair:2: 2178 daAuts
Depths:2: 2135 daAuts
Depths:1: 2072 daAuts
 Swamp:4: 1842 daAuts
